AoeStats
← Iamak3186

Arabia

503371413Analyzed
1v1 RM · 1mo ago on Aug 31, 2026· 31m 30s· 2 players
Game mode
Random Map
Map size
Tiny (2 player)
Population
200
Speed
Normal
Resources
Standard
Victory
Conquest
Starting age
Dark Age
Ending age
Imperial Age
RankedLock teamsTeams togetherTeam positionsShared explorationLock speedFull tech treeHidden civsTurbo modeCheats
Victory
Defeat
🇭🇰 Hindustanis · Hong Kong SAR China
1381
+13
🇮🇳 Mongols · India
1320
-13
twf_wing
6:12 Loom
8:27 Feudal Age
8:58 Double-Bit Axe
18:58 Wheelbarrow
22:57 Castle Age
21:16 Bloodlines
21:11 Gold Mining
21:40 Horse Collar
22:16 Scale Barding Armor
23:00 Forging
24:34 Husbandry
26:28 Bow Saw
27:08 Stone Mining
29:31 Fletching
29:48 Crossbowman
31:16 Padded Archer Armor
Iamak3186
5:35 Loom
8:01 Feudal Age
11:13 Double-Bit Axe
22:16 Castle Age
21:03 Scale Mail Armor
21:01 Horse Collar
22:24 Pikeman
23:32 Chain Mail Armor
23:46 Bow Saw
27:15 Forging
Connection lost

Rejoining the realm…

Still unreachable

The connection could not be restored.

Session expired

The server has moved on; the page needs a fresh start.